 Dungeon Crawl Stone Soup version 0.29-a0-559-g359e09b9d1 (webtiles) character file.

Game seed: 11998318045470250781

2998 ryw the Sneak (level 9, -7/54 HPs)
             Began as an Octopode Delver on June 9, 2022.
             Was a High Priest of Hepliaklqana.
             Mangled by an orc warrior
             ... wielding a +0 war axe
              (15 damage)
             ... on level 7 of the Dungeon.
             The game lasted 00:20:40 (9089 turns).

ryw the Sneak (Octopode Delver)                     Turns: 9089, Time: 00:20:40

Health: -7/54      AC:  5    Str: 11    XL:     9   Next: 84%
Magic:  12/14      EV: 16    Int: 16    God:    Hepliaklqana [*****.]
Gold:   500        SH:  0    Dex: 14    Spells: 10/15 levels left

rFire   . . .      SeeInvis .   y - +3 dagger (venom)
rCold   . . .      Faith    .   (no shield)
rNeg    . . .      Spirit   .   (helmet restricted)
rPois   .          Reflect  .   (no amulet)
rElec   .          Harm     .   u - +4 ring of protection
rCorr   .          Rampage  .   (no ring)
Will    .....                   (no ring)
Stlth   +++++.....              (no ring)
HPRegen 0.18/turn               (no ring)
MPRegen 0.14/turn               (no ring)
                                (no ring)
                                (no ring)

@: no status effects
A: reduced essence, almost no armour, amphibious, 8 rings, camouflage 1,
gelatinous body 1, (nimble swimmer 1), tentacles
a: Renounce Religion, Recall Ancestor, Ancestor Identity, Transference, Idealise


You were on level 7 of the Dungeon.
You worshipped Hepliaklqana.
Hepliaklqana was extremely pleased with you.
You visited 1 branch of the dungeon, and saw 8 of its levels.

You collected 500 gold pieces.

Inventory:

Hand Weapons
 h - a +0 hand crossbow
 i - a +0 hunting sling
 t - a +1 hand axe of electrocution
 x - a +1 dagger of electrocution
 y - a +3 dagger of venom (weapon)
Missiles
 a - 4 javelins
 m - 284 stones
 s - 13 boomerangs
 z - 13 poisoned darts (quivered)
 F - 4 atropa-tipped darts
Armour
 w - a +0 tower shield
 A - an orb of light
Magical Staves
 g - a staff of fire
Jewellery
 u - a +4 ring of protection (left tentacle)
Wands
 f - a wand of digging (3)
Scrolls
 b - 4 scrolls of fog
 c - 2 scrolls of magic mapping
 d - 2 scrolls of fear
 j - 2 scrolls of identify
 k - 6 scrolls of teleportation
 l - a scroll of acquirement {unknown}
 n - a scroll of enchant armour {unknown}
 o - 4 scrolls of amnesia
 q - a scroll of poison
 E - a scroll of enchant weapon
Potions
 e - 5 potions of haste
 p - 6 potions of curing
 r - 4 potions of heal wounds
 v - a potion of magic
 B - a potion of mutation {unknown}
 C - a potion of might {unknown}
 D - a potion of lignification {unknown}
 G - 2 potions of berserk rage {unknown}


   Skills:
 - Level 5.5 Fighting
 + Level 6.6 Short Blades
 + Level 6.6 Dodging
 - Level 7.3 Stealth
 - Level 3.5 Spellcasting
 + Level 5.6 Summonings
 - Level 4.0 Necromancy


You had 10 spell levels left.
You knew the following spells:

 Your Spells              Type           Power      Damage    Failure   Level
a - Necrotize             Necr           60%        1d7       3%          1
b - Summon Small Mammal   Summ           80%        N/A       1%          1
c - Apportation           Tloc           4%         N/A       19%         1
d - Call Imp              Summ           20%        N/A       2%          2

Your spell library contained the following spells:

 Spells                   Type           Power      Damage    Failure   Level
 Sublimation of Blood     Necr           15%        N/A       4%          2
 Freeze                   Ice            8%         1d3       19%         1
 Magic Dart               Conj           8%         1d3       19%         1
 Wereblood                Tmut           2%         N/A       26%         2
 Dazzling Flash           Conj/Hex       4%         N/A       47%         3
 Mephitic Cloud           Conj/Pois/Air  2%         N/A       47%         3
 Agony                    Necr           15%        N/A       67%         5
 Petrify                  Tmut/Erth      2%         N/A       87%         4
 Irradiate                Conj/Tmut      1%         3d13      99%         5
 Metabolic Englaciation   Hex/Ice        1%         N/A       99%         5
 Silence                  Hex/Air        1%         N/A       99%         5
 Malign Gateway           Summ/Tloc      5%         N/A       100%        7
 Summon Hydra             Summ           10%        N/A       100%        7


Dungeon Overview and Level Annotations

Branches:
Dungeon (8/15)             Temple (0/1) D:7
   Lair: D:8-11

Altars:
Cheibriados
Elyvilon
Hepliaklqana
Ru
Sif Muna
Trog
Uskayaw
Yredelemnul

Shops:
D:6 (

Annotations:
D:5 2 transporters


Innate Abilities, Weirdness & Mutations

Your life essence is reduced to manifest your ancestor. (-10% HP)
You cannot wear most types of armour.
You are amphibious.
You can wear up to eight rings at the same time.
Your skin changes colour to match your surroundings (Stealth+).
Your rubbery body absorbs attacks. (AC +1, EV +1)
((You are camouflaged when in or above water. (Stealth+)))
You have tentacles for arms and can constrict up to eight enemies at once.


Message History

Ishtar-belessa hits the orc with a +0 flail!
You climb upwards.
There is a stone staircase leading down here.
Ishtar-belessa is recalled.
You start resting.
Magic restored.
You start resting.
HP restored.
You climb downwards.
The orc closely misses you. The orc barely misses you.
There is a stone staircase leading up, spattered with blood here.
You hit the orc.
The orc is poisoned.
You grab the orc. You squeeze the orc, but do no damage.
The orc is severely wounded.
You constrict the orc, but do no damage.
You hit the orc.
You kill the orc!
Ishtar-belessa hits the orc warrior with a +0 flail.
The orc warrior hits you with a +0 war axe.
The orc warrior hits Ishtar-belessa with a +0 war axe!
You climb upwards.
There is a stone staircase leading down here.
Ishtar-belessa is recalled.
The orc warrior hits you with a +0 war axe!
You hit the orc warrior.
The orc warrior is poisoned.
You grab the orc warrior.
The orc warrior is moderately wounded.
You constrict the orc warrior, but do no damage.
The orc warrior hits you with a +0 war axe!
Ishtar-belessa blocks the orc warrior's attack.
You are too injured to fight recklessly!
You are too injured to fight recklessly!
You release your grip on the orc warrior.
The orc warrior attacks as you move away!
The orc warrior hits you with a +0 war axe!
* * * LOW HITPOINT WARNING * * *
The orc warrior hits Ishtar-belessa but does no damage.
Ishtar-belessa hits the orc warrior but does no damage.
Ishtar-belessa hits the orc warrior with a +0 flail!
The orc warrior attacks as you move away!
The orc warrior hits you with a +0 war axe!
You die...

<...#..##'##..........#...#.....#
....#.....###.........'...#.....#
....#....#..#.........#...#.....#
....#....+..#.........#...#.....#
....'....#..#.........#...#.....#
....#....#..#.........#...'.....#
....#....#..#...>R....#...#.....#
....#....##+#...o######...#.....#
....#....#..#...@# #...#.....#
....'....#..#....# #...#.....#
#####....#..#....######...#.....#
....#....#..#.........#...#.....#
....#....#..###+#.....#...#.....#
....#....#......R.....#####.....#
##'##.<..#......#.....#...#.....#
....#....#..##..#.....#...#.....#
....#....########.....#...#.....#


You could see the friendly Ishtar-belessa the knight and an orc warrior (very
poisoned, ally target).

Vanquished Creatures
  A shadow (D:7)
  A wyvern (D:8)
  A steam dragon (D:3)
  A water moccasin (D:5)
  Edmund (D:6)
  An orc warrior (D:7)
  2 black bears
  3 ice beasts
  A kobold brigand (D:6)
  2 scorpions (D:6)
  A wight (D:6)
  2 killer bees (D:4)
  2 howler monkeys (D:6)
  A jelly (D:4)
  2 hounds
  An orc priest (D:4)
  A gnoll shaman (D:6)
  5 orc wizards
  2 iguanas
  8 gnolls
  12 adders
  3 shadow imps
  An ufetubus (D:6)
  2 worms (D:4)
  A dart slug (D:4)
  13 orcs
  3 bats
  3 endoplasms
  7 giant cockroaches
  6 hobgoblins
  3 jackals (D:3)
  5 quokkas
  2 ball pythons (D:1)
  2 frilled lizards
  2 goblins
  7 kobolds
  2 rats
113 creatures vanquished.

Vanquished Creatures (collateral kills)
  An orc warrior (D:4)
  A black bear (D:5)
  3 ogres
  A centaur (D:8)
  A necrophage (D:4)
  A killer bee (D:4)
  An electric eel (D:7)
  An iguana (D:4)
  2 orc wizards (D:4)
  3 gnolls
  A dart slug (D:1)
  4 orcs (D:4)
  A ball python (D:4)
  A giant cockroach (D:2)
  2 goblins
  2 hobgoblins
  3 kobolds
  2 quokkas
31 creatures vanquished.

Vanquished Creatures (others)
  A knight (D:4)
  An ancestor (D:3)
  A rat (D:3)
3 creatures vanquished.

Grand Total: 147 creatures vanquished

Notes
Turn   | Place    | Note
-------+----------+-------------------------------------------
     0 | D:5      | ryw the Octopode Delver began the quest for the Orb.
     0 | D:5      | Reached XP level 1. HP: 16/16 MP: 1/1
     0 | D:5      | Noticed an electric eel
     0 | D:5      | Noticed an electric eel
     2 | D:5      | Found a transporter.
     4 | D:5      | Noticed an electric eel
     4 | D:5      | Noticed an electric eel
    36 | D:5      | Reached XP level 2. HP: 18/21 MP: 2/2
   277 | D:5      | Found a hazy altar of Hepliaklqana.
   285 | D:5      | Became a worshipper of Hepliaklqana the Forgotten
   335 | D:4      | Noticed a killer bee
   335 | D:4      | Noticed a killer bee
   335 | D:4      | Noticed a killer bee
   357 | D:5      | Noticed a water moccasin
   359 | D:4      | Noticed an ogre
   546 | D:3      | Reached * piety under Hepliaklqana
   580 | D:3      | Noticed a steam dragon
   916 | D:3      | Reached XP level 3. HP: 23/23 MP: 3/3
  1074 | D:1      | Reached skill level 7 in Stealth
  1117 | D:1      | Found a faded altar of an unknown god.
  2080 | D:2      | Reached XP level 4. HP: 26/27 MP: 4/4
  2218 | D:2      | Reached ** piety under Hepliaklqana
  2219 | D:2      | Remembered your ancestor Ishtar-belessa as a knight
  3106 | D:3      | Learned a level 1 spell: Necrotize
  3108 | D:3      | Learned a level 1 spell: Summon Small Mammal
  3110 | D:3      | Learned a level 1 spell: Apportation
  3168 | D:3      | Reached XP level 5. HP: 33/33 MP: 5/5
  3205 | D:3      | You fall into a shaft and drop 1 floor!
  3240 | D:4      | Noticed an ogre
  3248 | D:4      | Killed an ogre
  3249 | D:4      | Reached skill level 1 in Spellcasting
  3249 | D:4      | Reached skill level 1 in Summonings
  3249 | D:4      | Reached skill level 1 in Necromancy
  3249 | D:4      | Reached XP level 6. HP: 5/38 MP: 5/7
  3568 | D:4      | Noticed a black bear
  3576 | D:4      | Killed a black bear
  3735 | D:4      | Reached XP level 7. HP: 39/43 MP: 5/9
  4386 | D:3      | Killed a steam dragon
  4524 | D:4      | Reached XP level 8. HP: 15/48 MP: 9/11
  5136 | D:4      | Reached *** piety under Hepliaklqana
  5281 | D:4      | Reached skill level 5 in Fighting
  5692 | D:5      | Found a sacrificial altar of Ru.
  5856 | D:5      | Found a transporter.
  6562 | D:6      | Reached skill level 5 in Short Blades
  6629 | D:6      | Got the Disquisition on the Frostbite and the Compass
  6671 | D:6      | Reached skill level 5 in Dodging
  6683 | D:6      | Reached XP level 9. HP: 47/54 MP: 14/14
  6738 | D:6      | Learned a level 2 spell: Call Imp
  6925 | D:6      | Found a snail-covered altar of Cheibriados.
  6927 | D:6      | Found a white marble altar of Elyvilon.
  6949 | D:6      | Noticed Edmund
  6961 | D:6      | Killed Edmund
  7314 | D:6      | Found Motzaro's Weapon Emporium.
  7322 | D:6      | Reached **** piety under Hepliaklqana
  7655 | D:7      | Found a bloodstained altar of Trog.
  7746 | D:7      | Found a shimmering blue altar of Sif Muna.
  8058 | D:7      | Found a staircase to the Ecumenical Temple.
  8255 | D:7      | Found a large runed translucent door.
  8259 | D:7      | Found a large runed translucent door.
  8306 | D:7      | Reached skill level 5 in Summonings
  8628 | D:7      | Found a hide-covered altar of Uskayaw.
  8638 | D:7      | Found a basalt altar of Yredelemnul.
  8700 | D:8      | Reached ***** piety under Hepliaklqana
  9089 | D:7      | Mangled by an orc warrior

Illustrated notes

Levels and vault maps discovered:
D:1:      amcnicky_arrival_underground_garden, layout_basic,
          ebering_ecumenical_altar_ruins, st_stairs_4, minmay_unequal
D:2:      layout_loops_corners, hangedman_abyss_or_decor_stabs, st_stairs_1,
          hangedman_decor_lopped, dk_noncrumbling_4,
          minmay_misc_feat_nine_boxes, minmay_worlds_worst_comb
D:3:      layout_loops_ring, kennysheep_generic_room_5
D:4:      layout_basic, guppyfry_early_orc_mine
D:5:      gammafunk_steamed_eel, layout_cave_pools,
          nicolae_hepliaklqana_hippocampus, nicolae_ru_great_annihilating_truth
D:6:      layout_gridville, chequers_temple_overflow_statue_of_worship,
          serial_shops, nicolae_shop_bloodbath_and_beyond, minmay_bent,
          uniq_edmund
D:7:      layout_gridville, nzn_overflow_gifts_of_might_and_magic,
          jmf_multi_god_temple2, minmay_temple_entry_gardened_gates,
          minivault_14, dk_noncrumbling_3
D:8:      layout_cave_pools, nicolae_ashenzari_panopticon, minivault_5,
          st_stairs_6, minmay_manual_mares

Skill      XL: |  1  2  3  4  5  6  7  8  9 |
---------------+----------------------------+-----
Stealth        | 7 |  7.3
Short Blades   | 3 4 5 6 |  6.6
Dodging        | 3 4 5 6 |  6.6
Fighting       | 4 5 |  5.5
Spellcasting   | 1 2 3 |  3.5
Summonings     | 1 2 3 5 |  5.6
Necromancy     | 1 2 4 |  4.0

Action                   |  1- 3 |  4- 6 |  7- 9 || total
-------------------------+-------+-------+-------++-------
Melee: Short sword       |    45 |       |       ||    45
       Tentacles         |    15 |     8 |    59 ||    82
       Constrict         |    12 |     8 |    50 ||    70
       Hand axe          |    11 |    23 |       ||    34
       Dagger            |       |     9 |   191 ||   200
       Punch             |       |       |     4 ||     4
 Cast: Necrotize         |       |     5 |    12 ||    17
       Summon Small Mamm |       |       |     2 ||     2
       Call Imp          |       |       |     5 ||     5
Invok: Ancestor Identity |     1 |       |       ||     1
       Ancestor Life: Kn |       |     1 |       ||     1
       Recall Ancestor   |       |     1 |     4 ||     5
  Use: Scroll            |     1 |       |    10 ||    11
 Stab: Sleeping          |     6 |     6 |    10 ||    22
       Distracted        |       |       |     3 ||     3
       Invisible         |       |       |     1 ||     1
Armor: Skin              |     5 |     5 |    14 ||    24
Dodge: Dodged            |    47 |    24 |   109 ||   180

Table legend: (Time is in decaauts)
 A = Elapsed time spent in this place.
 B = Non-inter-level travel time spent in this place.
 C = Inter-level travel time spent in this place.
 D = Time resting spent in this place.
 E = Time spent auto-exploring this place.
 F = Levels seen in this place.
 G = Mean time per level.
                   A        B        C        D        E       F      G
               +--------+--------+--------+--------+--------+-----+--------+
         Total |   9051 |   8807 |    244 |   2616 |   4743 |   8 | 1131.4 |
       Dungeon |   9051 |   8807 |    244 |   2616 |   4743 |   8 | 1131.4 |
               +--------+--------+--------+--------+--------+-----+--------+

Top non-repeatable levels by time:
     D:4: 1843 daAuts
     D:7: 1380 daAuts
     D:3: 1373 daAuts
     D:5: 1165 daAuts
     D:2: 1131 daAuts
     D:6: 1114 daAuts
     D:1: 959 daAuts
     D:8: 84 daAuts
